 Dungeon Crawl Stone Soup version 0.32-a0-928-g1cae6b7ea0 (webtiles) character file.

Game seed: 2224340175689722045

57 MrSquiggles the Sneak (level 3, -4/26 HPs)
             Began as a Demigod Enchanter on Apr 13, 2024.
             Slain by an iguana (10 damage)
             ... on level 2 of the Dungeon.
             The game lasted 00:02:07 (1427 turns).

MrSquiggles the Sneak (Demigod Enchanter)           Turns: 1427, Time: 00:02:07

Health: -4/26      AC:  4    Str:  9    XL:     3   Next: 50%
Magic:  8/8        EV:  5    Int: 17    God:
Gold:   48         SH: 12    Dex: 18    Spells: 5/5 levels left

rFire   . . .        e - +0 short sword
rCold   . . .        f - +0 tower shield
rNeg    . . .        b - +0 robe
rPois   .            (no helmet)
rElec   .            (no cloak)
rCorr   .            j - +0 pair of gloves
SInv    .            h - +0 pair of boots
Will    .....        (no amulet)
Stlth   +++          (no ring)
HPRegen 0.24/turn    (no ring)
MPRegen 0.11/turn

%: no passive effects
@: no status effects
A: high MP 1, forlorn, divine attributes
a: no special abilities


You were on level 2 of the Dungeon.
You visited 1 branch of the dungeon, and saw 2 of its levels.

You collected 48 gold pieces.

Inventory:

Hand Weapons
 a - a +1 dagger
 e - a +0 short sword (weapon)
Armour
 b - a +0 robe (worn)
 f - a +0 tower shield (worn)
 h - a +0 pair of boots (worn)
 j - a +0 pair of gloves (worn)
Jewellery
 k - an amulet of guardian spirit
Scrolls
 g - a scroll of identify {unknown}
 i - a scroll of fog {unknown}
Potions
 c - 2 potions of invisibility
 d - a potion of heal wounds {unknown}
 l - a potion of attraction {unknown}
 m - a potion of curing {unknown}
 n - a potion of cancellation {unknown}


   Skills:
 - Level 0.8 Short Blades
 - Level 1.7 Dodging
 * Level 4.5 Stealth
 - Level 1.7 Spellcasting
 - Level 2.6 Hexes


You had 5 spell levels left.
You didn't know any spells.
Your spell library contained the following spells:

 Spells                   Type           Power      Damage    Failure   Level
 Necrotise                Necr           4%         1d4       100%        1
 Ensorcelled Hibernation  Hex/Ice        12%        N/A       100%        2
 Confusing Touch          Hex            10%        N/A       100%        3
 Dazzling Flash           Conj/Hex       12%        N/A       100%        3
 Tukima's Dance           Hex            10%        N/A       100%        3
 Vampiric Draining        Necr           1%         2d6       100%        3
 Martyr's Knell           Necr/Summ      1%         N/A       100%        4
 Curse of Agony           Necr           1%         N/A       100%        5


Dungeon Overview and Level Annotations

Branches:
Dungeon (2/15)


Innate Abilities, Weirdness & Mutations

You have an increased reservoir of magic. (+10% MP)
You shall have no god before yourself.
Your divine heritage dramatically boosts your attributes as you level up.


Message History

A goblin comes into view. It is wielding a +0 club.
You block the iguana's attack.
The goblin shouts!
You hit the iguana but do no damage.
The iguana is heavily wounded.
You hear an angry hiss.
You block the iguana's attack.
You hit the iguana but do no damage.
The iguana is heavily wounded.
The iguana bites you.
The iguana bites you but does no damage.
You closely miss the iguana.
The iguana is heavily wounded.
You block the iguana's attack.
A frilled lizard comes into view.
You hit the iguana.
The iguana is severely wounded.
You block the iguana's attack. x2
You hit the iguana but do no damage.
The iguana is severely wounded.
The goblin hits you but does no damage.
The iguana bites you but does no damage.
You block the iguana's attack. The goblin hits you with a +0 club.
You hit the goblin.
The goblin is moderately wounded.
The goblin barely misses you.
You completely miss the goblin.
The goblin is moderately wounded.
You block the goblin's attack. x2
You hit the goblin.
The goblin is severely wounded.
You block the goblin's attack.
You hit the goblin.
You kill the goblin!
The iguana bites you.
* * * LOW HITPOINT WARNING * * *
You hit the iguana.
The iguana is severely wounded.
The iguana bites you!
You die...

.# ## .# ##########. #
#.# #.......... #. ##.#
#.......... #..
#..###.......... #...
#..#............
##....####..# #..........
......ll@...# #..........
.......###..###.....####.
............##......# #.
##.....#............# #.
...............####.# #.
....................# #.
..................>.# #.
.........#.....####.####+
............# #....#..


You could see an iguana and a frilled lizard.

Vanquished Creatures
  2 adders (D:2)
  4 ball pythons (D:1)
  5 endoplasms
  A giant cockroach (D:1)
  3 goblins
  4 hobgoblins
  2 quokkas
  2 frilled lizards (D:1)
  10 kobolds
  3 rats
36 creatures vanquished.

Notes
Turn   | Place    | Note
-------+----------+-------------------------------------------
     0 | D:1      | MrSquiggles the Demigod Enchanter began the quest for the
                  | Orb.
     0 | D:1      | Reached XP level 1. HP: 14/14 MP: 5/5
   303 | D:1      | Reached skill level 3 in Stealth
   377 | D:1      | Reached XP level 2. HP: 20/20 MP: 7/7
   799 | D:1      | Reached skill level 4 in Stealth
  1074 | D:2      | Reached XP level 3. HP: 8/26 MP: 8/8
  1427 | D:2      | Slain by an iguana

Illustrated notes

Levels and vault maps discovered:
D:1:      kilobyte_arrival_exit_the_forest, layout_rooms, minmay_misc_feat_roman
D:2:      minmay_alternating_diamond, layout_basic, uniq_sigmund

Skill      XL: |  1  2 |
---------------+-------+-----
Stealth        | 3 4 |  4.5
Short Blades   | |  0.8
Dodging        | |  1.7
Spellcasting   | |  1.7
Hexes          | |  2.6

Action                     || total
---------------------------++-------
  Melee: Dagger            ||    17
         Short sword       ||   105
   Stab: Sleeping          ||    11
         Distracted        ||     1
 Armour: Robe              ||    69
  Dodge: Dodged            ||    39
  Block: Tower shield      ||    67

Table legend: (Time is in decaauts)
 A = Elapsed time spent in this place.
 B = Non-inter-level travel time spent in this place.
 C = Inter-level travel time spent in this place.
 D = Time resting spent in this place.
 E = Time spent auto-exploring this place.
 F = Levels seen in this place.
 G = Mean time per level.
                   A        B        C        D        E       F      G
               +--------+--------+--------+--------+--------+-----+--------+
         Total |   1483 |   1436 |     47 |    164 |    897 |   2 |  741.5 |
       Dungeon |   1483 |   1436 |     47 |    164 |    897 |   2 |  741.5 |
               +--------+--------+--------+--------+--------+-----+--------+

Top non-repeatable levels by time:
     D:1: 950 daAuts
     D:2: 532 daAuts
